Map: Pillars of Gold LE

Players

cure

  • Race: Terran Terran
  • Spawn Location: 1:00

Reynor - Winner!

  • Race: Zerg Zerg
  • Spawn Location: 7:00

Event: StayAtHome Story Cup #3

VOD

Have the link to the VOD?

Description

Time

  • Played on: March 12, 2021, 7:37 a.m.
  • Length: 8:21

All games in this series

Show
View Real Time Build Order
Export as new Build Order

cure Terran 

Build Orders:  

Get SALT Encoding   

  12  0:00  SCV  
  13  0:12  SCV  
  14  0:17  Supply Depot  
  14  0:24  SCV  
  15  0:39  SCV  
  15  0:41  Barracks  
  16  0:44  Refinery  
  16  0:51  SCV  
  17  1:03  SCV  
  18  1:15  SCV  
  19  1:28  Orbital Command, Marine  
  20  1:41  Command Center  
  20  1:46  Barracks Reactor  
  20  1:54  SCV  
  21  1:59  Barracks  
  21  2:05  Refinery  
  21  2:06  SCV  
  22  2:12  Supply Depot  
  22  2:18  SCV  
  23  2:25  Factory  
  23  2:33  SCV, Marine  
  23  2:34  Marine  
  26  2:45  SCV  
  26  2:46  Barracks Tech Lab  
  27  2:54  Orbital Command  
  27  2:58  SCV  
  28  3:05  Stimpack  
  28  3:09  Starport  
  28  3:10  SCV  
  28  3:12  Factory Reactor  
  29  3:18  Marine  
  29  3:19  Marine x2  
  32  3:23  SCV  
  32  3:24  SCV  
  34  3:31  Supply Depot  
  34  3:35  SCV  
  34  3:36  SCV  
  34  3:37  Marine x2  
  34  3:39  Marine  
  39  3:48  SCV x2  
  40  3:53  Supply Depot  
  40  3:54  Medivac x2  
  45  3:57  Marine x2  
  45  3:59  Marine  
  45  4:02  SCV  
  49  4:03  SCV  
  49  4:06  Refinery  
  49  4:07  Factory Tech Lab  
  50  4:14  SCV  
  50  4:15  SCV  
  52  4:17  Supply Depot  
  52  4:21  Engineering Bay  
  52  4:26  Marine x3  
  52  4:29  Siege Tank  
  58  4:31  SCV  
  58  4:32  SCV  
  60  4:44  Marine x3, Supply Depot  
  63  4:46  SCV x2  
  63  4:51  Terran Infantry Weapons Level 1  
  65  4:59  Medivac  
  67  5:01  Siege Tank  
  67  5:05  Marine x3  
  67  5:06  Supply Depot  
  73  5:14  Barracks  
  73  5:15  Combat Shield  
  73  5:23  Marine x3  
  76  5:32  Supply Depot  
  76  5:33  Siege Tank  
  79  5:36  Starport Reactor  
  79  5:38  SCV x2  
  79  5:41  Marine x2  
  83  5:47  Refinery  
  83  5:50  SCV x2  
  85  6:00  Marine x3  
  88  6:04  Marine  
  88  6:05  Marine  
  88  6:08  Supply Depot x2  
  90  6:19  Marine x3  
  90  6:20  Medivac  
  94  6:29  Marine x2, Medivac, Siege Tank  
  95  6:37  Marine x3  
  81  6:47  Marine x2  
  81  6:49  SCV x2  
  85  6:56  Marine x2  
  85  6:57  Marine  
  85  7:00  Liberator  
  85  7:01  Liberator  
  94  7:02  Siege Tank  
  94  7:05  Marine x2  
  94  7:07  Supply Depot  
  99  7:09  Supply Depot  
  99  7:25  Marine x5  
  94  7:34  Siege Tank  
  97  7:43  Marine x5  
  102  7:48  Medivac x2  
  106  7:52  Supply Depot x2  
  106  8:00  Marine x2  
  106  8:01  Marine x3  
  106  8:03  Command Center  
Show
View Real Time Build Order
Export as new Build Order

Reynor Zerg - Winner!

Build Orders: Hatch First 

Get SALT Encoding   

  12  0:00  Drone  
  13  0:12  Overlord  
  13  0:17  Drone  
  14  0:32  Drone x2  
  16  0:51  Hatchery  
  16  0:53  Drone  
  16  0:57  Drone  
  16  1:01  Drone  
  18  1:10  Extractor  
  17  1:16  Spawning Pool  
  16  1:20  Drone  
  16  1:23  Drone  
  18  1:28  Drone  
  19  1:39  Drone  
  20  1:50  Overlord  
  20  2:03  Queen x2  
  20  2:04  Zergling x4  
  26  2:11  Drone  
  26  2:13  Drone  
  28  2:21  Drone  
  29  2:24  Drone  
  30  2:33  Hatchery  
  30  2:35  Drone  
  30  2:40  Metabolic Boost  
  30  2:44  Drone  
  31  2:46  Drone  
  32  2:52  Queen  
  32  2:57  Overlord  
  34  2:59  Drone  
  34  3:01  Drone  
  36  3:10  Overlord  
  36  3:15  Drone  
  36  3:16  Drone x3  
  40  3:20  Queen  
  40  3:22  Drone  
  40  3:26  Zergling x2  
  44  3:30  Queen  
  46  3:34  Overlord  
  46  3:37  Drone  
  46  3:39  Drone  
  48  3:44  Overlord  
  48  3:49  Drone x2  
  48  3:52  Queen  
  48  3:53  Drone  
  48  3:54  Drone  
  55  3:55  Drone  
  55  3:58  Drone  
  55  4:02  Queen  
  58  4:08  Drone x3  
  58  4:09  Drone  
  62  4:15  Queen, Overlord  
  64  4:20  Drone x2  
  66  4:28  Overlord  
  66  4:32  Queen  
  66  4:33  Zergling x10  
  73  4:39  Overlord, Baneling Nest  
  73  4:42  Zergling x4  
  74  4:45  Lair  
  74  4:47  Drone x2  
  74  4:48  Drone  
  74  4:50  Drone  
  74  4:52  Extractor  
  77  4:54  Zergling x6  
  77  4:57  Drone  
  80  5:00  Zergling x4  
  80  5:02  Drone  
  80  5:04  Drone  
  80  5:06  Overlord  
  84  5:08  Queen  
  84  5:09  Overlord  
  86  5:16  Drone x4, Evolution Chamber  
  89  5:22  Overlord  
  89  5:25  Zergling x8  
  93  5:32  Zergling x6  
  96  5:38  Overlord  
  96  5:39  Zergling x4  
  97  5:44  Baneling x6  
  97  5:46  Zergling x6  
  97  5:47  Baneling x2  
  100  5:52  Zergling x8  
  100  5:55  Queen  
  106  5:58  Baneling x3  
  106  5:59  Zergling x8  
  106  6:00  Zergling x2  
  111  6:07  Zergling x6  
  114  6:15  Overlord  
  114  6:16  Queen  
  116  6:19  Zergling x4  
  116  6:22  Zergling x6  
  121  6:28  Zergling x2  
  121  6:31  Queen  
  112  6:33  Zergling x6  
  112  6:34  Zergling x4  
  114  6:40  Centrifical Hooks  
  114  6:41  Zergling x4  
  114  6:43  Hatchery  
  114  6:45  Drone  
  115  6:51  Drone x2  
  115  6:52  Evolution Chamber  
  116  6:56  Drone  
  116  6:58  Extractor  
  116  6:59  Extractor  
  115  7:03  Baneling x5  
  115  7:04  Drone x2  
  117  7:09  Drone x4  
  117  7:11  Hatchery  
  117  7:13  Zergling x8  
  123  7:17  Zergling x2  
  123  7:19  Overlord  
  124  7:23  Drone  
  124  7:28  Drone  
  125  7:31  Drone  
  125  7:34  Drone  
  127  7:37  Overlord x4  
  127  7:41  Zergling x8  
  127  7:43  Zergling x6  
  134  7:45  Drone  
  134  7:48  Baneling x9  
  135  7:52  Zergling x2  
  136  7:59  Zergling x6  
  136  8:01  Baneling x2  
  136  8:02  Baneling x3  
  136  8:03  Drone  
Tags
 
Add a new tag
Caveats
  • Supply blocks, unpowered buildings, or Contaminate may cause inaccurate times.
  • Supply counts are checked every 10 seconds.